 Dungeon Crawl Stone Soup version 0.32-a0-540-g866d13106e (webtiles) character file.

Game seed: 4512531907441909161

606 niangp the Chopper (level 7, 0/63 HPs)
             Began as a Minotaur Berserker on Feb 28, 2024.
             Was a Priest of Trog.
             Succumbed to a kobold's poison
             ... on level 4 of the Dungeon on Mar 2, 2024.
             The game lasted 00:05:48 (3005 turns).

niangp the Chopper (Minotaur Berserker)             Turns: 3005, Time: 00:05:48

Health: 0/63       AC:  9    Str: 22 (24) XL:     7   Next: 19%
Magic:  6/6        EV: 14    Int:  1 (4)  God:    Trog [***...]
Gold:   132        SH:  0    Dex:  7 (9)  Spells: 6/6 levels left

rFire   + . .        j - +0 war axe
rCold   + . .        (no shield)
rNeg    + . .        r - +0 chain mail
rPois   +            (helmet restricted)
rElec   +            (no cloak)
rCorr   +            (no gloves)
SInv    .            (no boots)
Will    +....        (no amulet) Stlth
                     c - +5 ring of evasion
HPRegen 0.30/turn    o - ring of positive energy
MPRegen 0.10/turn

%: no passive effects
@: lethally poisoned (0 -> -10), resistant, enlightened, flying
A: horns 2, retaliatory headbutt
a: Renounce Religion, Berserk, Trog's Hand


You were on level 4 of the Dungeon.
You worshipped Trog.
Trog was most pleased with you.
You visited 1 branch of the dungeon, and saw 4 of its levels.

You collected 132 gold pieces.

Inventory:

Hand Weapons
 j - a +0 war axe (weapon)
Armour
 b - a +0 animal skin
 r - a +0 chain mail (worn)
Jewellery
 c - a +5 ring of evasion (left hand)
 o - a ring of positive energy (right hand)
 q - a ring of resist corrosion
Scrolls
 a - a scroll of identify
 d - a scroll of amnesia {unknown}
 e - a scroll of fog {unknown}
 k - a scroll of enchant armour {unknown}
 n - 2 scrolls of fear {unknown}
 p - a scroll of poison {unknown}
Potions
 g - 2 potions of ambrosia
 l - a potion of attraction {unknown}
 m - a potion of brilliance {unknown}


   Skills:
 * Level 6.3 Fighting
 + Level 7.7 Axes
 + Level 3.3 Armour
 + Level 3.0 Dodging
 + Level 0.4 Stealth


You had 6 spell levels left.
You didn't know any spells.
Your spell library was empty.

Dungeon Overview and Level Annotations

Branches:
Dungeon (4/15)
 Temple: D:4-7

Altars:
Fedhas

Shops:
D:3 =   D:4 :


Innate Abilities, Weirdness & Mutations

You have a pair of horns on your head.
You reflexively headbutt those who attack you in melee.


Message History

The liquid fire burns you! The liquid fire burns you!
* * * LOW HITPOINT WARNING * * *
The liquid fire burns you!
* * * LOW HITPOINT WARNING * * *
The liquid fire burns you!
* * * LOW HITPOINT WARNING * * *
A kobold comes into view.
It is wielding a +0 whip and quivering poisoned darts.
A kobold is nearby!
A kobold is nearby!
A kobold is nearby!
A kobold is nearby!
You are too injured to fight recklessly!
You are too injured to fight recklessly!
You are too injured to fight recklessly!
Unknown command.
The kobold shouts!
The kobold throws a poisoned dart.
The poisoned dart hits you!
You are poisoned.
A quokka comes into view.
Found a scroll labelled UNAUL BOESULY and a ring mail.
You feel very sick.
The kobold throws a poisoned dart.
The poisoned dart barely misses you.
You feel sick.
The kobold throws a poisoned dart.
The poisoned dart hits you!
You are lethally poisoned!
It was a potion of degeneration.
There was something very wrong with that liquid.
You feel weakened.
You feel dopey.
You feel clumsy.
* * * LOW HITPOINT WARNING * * *
You feel very sick.
It was a potion of resistance.
You feel protected.
* * * LOW HITPOINT WARNING * * *
You feel very sick. The kobold hits you with a +0 whip.
* * * LOW HITPOINT WARNING * * *
It was a potion of enlightenment.
You feel very buoyant.
You fly up into the air.
You die...

.....## ..?.[. ##....#
##.....## #.......#
#.#.(.r...# #.#...K...#
#.#..#@..#####
#............#
##..#.........#
#........###..# ########
####....†...## .. ........
.............# ########..
##........#.# .........
##.........# #######..
...........##############..


You could see a quokka and a kobold.

Vanquished Creatures
  A black bear (D:4)
  A scorpion (D:4)
  A howler monkey (D:4)
  A jelly (D:4)
  A bombardier beetle (D:4)
  2 orc priests
  2 hounds (D:4)
  2 orc wizards (D:4)
  3 hound zombies (D:3)
  A hound skeleton (D:3)
  3 adders
  An adder zombie (D:3)
  2 adder skeletons (D:3)
  A dart slug (D:1)
  3 ribbon worms
  9 orcs
  4 ball pythons
  6 endoplasms
  A giant cockroach (D:2)
  11 goblins
  5 hobgoblins
  2 jackals (D:1)
  5 quokkas
  A ball python skeleton (D:3)
  2 ball python zombies (D:3)
  3 bats
  5 frilled lizards
  A giant cockroach zombie (D:3)
  A jackal skeleton (D:3)
  5 kobolds
  A quokka skeleton (D:3)
  5 rats
92 creatures vanquished.

Notes
Turn   | Place    | Note
-------+----------+-------------------------------------------
     0 | D:1      | niangp the Minotaur Berserker began the quest for the Orb.
     0 | D:1      | Reached XP level 1. HP: 19/19 MP: 0/0
   123 | D:1      | Reached skill level 4 in Axes
   210 | D:1      | Reached XP level 2. HP: 22/27 MP: 1/1
   942 | D:2      | Reached XP level 3. HP: 33/33 MP: 2/2
   950 | D:2      | Reached ** piety under Trog
  1684 | D:2      | Found a faded altar of an unknown god.
  1880 | D:3      | Reached skill level 5 in Axes
  1880 | D:3      | Reached XP level 4. HP: 40/41 MP: 3/3
  2058 | D:3      | Reached skill level 5 in Fighting
  2058 | D:3      | Reached XP level 5. HP: 39/48 MP: 4/4
  2179 | D:3      | Found Rauguiqari's Jewellery Emporium.
  2288 | D:3      | Found a blossoming altar of Fedhas.
  2598 | D:4      | Reached *** piety under Trog
  2621 | D:4      | Reached skill level 6 in Axes
  2635 | D:4      | Reached XP level 6. HP: 51/56 MP: 5/5
  2695 | D:4      | Found Afriz's Tiny Tomes.
  2797 | D:4      | Reached skill level 7 in Axes
  2893 | D:4      | Reached XP level 7. HP: 58/63 MP: 6/6
  3004 | D:4      | HP: 2/63 [kobold/+0 whip (3)]
  3005 | D:4      | Succumbed to a kobold's poison

Illustrated notes

Levels and vault maps discovered:
D:1:      orjb1_clovarrival, layout_loops_corners
D:2:      cheibrodos_helix_gallery, layout_loops_corners,
          ebering_ecumenical_altar_petrified
D:3:      layout_basic, mainiacjoe_overflow_24_doors, serial_undead,
          serial_undead_e, serial_undead_c, serial_undead_f, serial_undead_e,
          serial_undead_f, serial_undead_a, serial_undead_e, serial_undead_c,
          serial_undead_d, serial_undead_e, serial_shops, shop
D:4:      layout_loops_ring, nicolae_shop_i_like_small_books_too

Skill      XL: |  1  2  3  4  5  6 |
---------------+-------------------+-----
Axes           | 4 5 6 7 |  7.7
Fighting       | 4 5 6 |  6.3
Armour         | 3 |  3.3
Dodging        | 3 |  3.0
Stealth        | |  0.4

Action                     |  1- 3 |  4- 6 |  7- 9 || total
---------------------------+-------+-------+-------++-------
  Melee: Hand axe          |    45 |       |       ||    45
         Headbutt          |     8 |    17 |     2 ||    27
         War axe           |    26 |    95 |     8 ||   129
 Invoke: Trog's Hand       |       |     1 |       ||     1
    Use: Scroll            |     2 |       |       ||     2
         Potion            |       |       |     3 ||     3
 Armour: Animal skin       |    42 |    22 |       ||    64
         Chain mail        |       |    35 |     6 ||    41
  Dodge: Dodged            |    53 |    85 |     2 ||   140

Table legend: (Time is in decaauts)
 A = Elapsed time spent in this place.
 B = Non-inter-level travel time spent in this place.
 C = Inter-level travel time spent in this place.
 D = Time resting spent in this place.
 E = Time spent auto-exploring this place.
 F = Levels seen in this place.
 G = Mean time per level.
                   A        B        C        D        E       F      G
               +--------+--------+--------+--------+--------+-----+--------+
         Total |   3053 |   2888 |    165 |      0 |   2386 |   4 |  763.2 |
       Dungeon |   3053 |   2888 |    165 |      0 |   2386 |   4 |  763.2 |
               +--------+--------+--------+--------+--------+-----+--------+

Top non-repeatable levels by time:
     D:2: 1011 daAuts
     D:1: 891 daAuts
     D:3: 726 daAuts
     D:4: 423 daAuts
